 Dungeon Crawl Stone Soup version 0.28-a0-1159-g27aa881441 (webtiles) character file.

Game seed: 18319127223083195715

1491 Defined the Cudgeller (level 8, 0/59 HPs)
             Began as a Gnoll Wanderer on Dec 16, 2021.
             Was a Plaything of Xom.
             Slain by a hornet zombie (5 damage)
             ... on level 7 of the Dungeon.
             The game lasted 00:24:59 (6796 turns).

Defined the Cudgeller (Gnoll Wanderer)              Turns: 6796, Time: 00:24:59

Health: 0/59       AC:  9    Str: 10 (12) XL:     8   Next: 80%
Magic:  14/14      EV: 12    Int: 10 (11) God:    Xom [...*..]
Gold:   402        SH:  0    Dex: 11 (12) Spells: 15/16 levels left

rFire   . . .      SeeInvis .   n - +2 quarterstaff (chaos)
rCold   . . .      Faith    .   (shield currently unavailable)
rNeg    . . .      Spirit   .   i - +0 leather armour
rPois   +          Reflect  .   (no helmet)
rElec   .          Harm     .   p - +2 cloak
rCorr   .          Rampage  .   q - +2 pair of gloves
Will    .....                   (no boots)
Stlth   ++........              (no amulet)
HPRegen 0.19/turn               (no ring)
MPRegen 0.14/turn               (no ring)

@: no status effects
A: fangs 1, strong nose, distributed training, deterioration 1, dopey 1, poison
resistance
a: Renounce Religion


You were on level 7 of the Dungeon.
You worshipped Xom.
You were a favourite toy of Xom.
You visited 2 branches of the dungeon, and saw 8 of its levels.

You collected 402 gold pieces.

Inventory:

Hand Weapons
 a - a +2 mace
 m - a +0 spear
 n - a +2 quarterstaff of chaos (weapon)
 t - a +0 short sword of flaming
Missiles
 c - 63 stones
 g - 5 javelins
 l - 8 boomerangs
 w - 25 poisoned darts (quivered)
 x - a throwing net
Armour
 i - a +0 leather armour (worn)
 p - a +2 cloak (worn)
 q - a +2 pair of gloves (worn)
Jewellery
 d - an amulet of magic regeneration
 f - an amulet of the acrobat
Wands
 b - a wand of flame (15)
Scrolls
 e - a scroll of amnesia {unknown}
 h - a scroll of identify
 j - a scroll of blinking {unknown}
 o - a scroll of enchant weapon {unknown}
 s - a scroll of fear {unknown}
Potions
 k - a potion of flight
 r - a potion of haste {unknown}
 u - a potion of lignification {unknown}
 v - a potion of brilliance


   Skills:
 + Level 3.6 Fighting
 + Level 3.6 Short Blades
 + Level 3.6 Long Blades
 + Level 3.6 Axes
 + Level 7.5 Maces & Flails
 + Level 3.6 Polearms
 + Level 3.6 Staves
 + Level 3.6 Slings
 + Level 3.6 Bows
 + Level 3.6 Crossbows
 + Level 4.5 Throwing
 + Level 3.6 Armour
 + Level 3.6 Dodging
 + Level 3.6 Stealth
 + Level 3.6 Shields
 + Level 3.6 Unarmed Combat
 + Level 4.6 Spellcasting
 + Level 2.9 Conjurations
 + Level 2.9 Hexes
 + Level 2.9 Summonings
 + Level 2.9 Necromancy
 + Level 2.9 Translocations
 + Level 2.9 Transmutations
 + Level 2.9 Fire Magic
 + Level 2.9 Ice Magic
 + Level 2.9 Air Magic
 + Level 4.8 Earth Magic
 + Level 2.9 Poison Magic
 + Level 4.8 Invocations
 + Level 5.9 Evocations


You had 15 spell levels left.
You knew the following spells:

 Your Spells              Type           Power      Damage    Failure   Level
a - Sandblast             Erth           24%        2d8       4%          1

Your spell library contained the following spells:

 Spells                   Type           Power      Damage    Failure   Level
 Stone Arrow              Conj/Erth      20%        3d8       19%         3
 Ozocubu's Armour         Ice            8%         N/A       28%         3
 Animate Armour           Summ/Erth      20%        N/A       52%         4
 Metabolic Englaciation   Hex/Ice        4%         N/A       95%         5
 Simulacrum               Ice/Necr       4%         N/A       100%        6
 Lehudib's Crystal Spear  Conj/Erth      5%         10d3      100%        8


Dungeon Overview and Level Annotations

Branches:
Dungeon (7/15)             Temple (1/1) D:5

Altars:
Cheibriados
Dithmenos
Elyvilon
Gozag
Hepliaklqana
Okawaru
Trog
Vehumet
Xom

Annotations:
D:6 Sigmund


Innate Abilities, Weirdness & Mutations

You have very sharp teeth.
Your uncanny sense of smell can sniff out nearby items.
Your experience applies equally to all skills.
Your body sometimes deteriorates upon taking damage.
You are dopey. (Int -2)
Your system is resistant to poisons. (rPois)


Message History

Your body deteriorates!
You feel weakened. The adder bites you but does no damage.
The hornet zombie hits you. The adder bites you but does no damage.
You hit the adder.
The adder is moderately wounded.
The hornet zombie hits you but does no damage.
The adder closely misses you. The steam dragon breathes steam at you.
The ball of steam hits you!
Your body deteriorates!
You feel dopey. The centaur warrior zombie hits you!
Your body deteriorates!
You feel weakened. The centaur warrior zombie kicks you.
The adder bites you but does no damage.
The centaur warrior zombie hits you but does no damage.
The centaur warrior zombie kicks you.
The hornet zombie is engulfed in a cloud of scalding steam.
The hornet zombie completely misses you.
The adder bites you.
The centaur warrior zombie hits you but does no damage.
The centaur warrior zombie misses you. The centaur warrior zombie misses you.
The centaur warrior zombie kicks you. The steam dragon breathes steam at you.
The ball of steam misses you.
You are engulfed in a cloud of scalding steam.
* * * LOW HITPOINT WARNING * * *
The adder is engulfed in a cloud of scalding steam.
The adder bites you but does no damage. The steam dragon breathes steam at you.
The ball of steam hits you!
* * * LOW HITPOINT WARNING * * *
The adder misses you.
The centaur warrior zombie hits you but does no damage.
The centaur warrior zombie kicks you but does no damage.
The centaur warrior zombie misses you.
The centaur warrior zombie completely misses you.
The hornet zombie is engulfed in a cloud of scalding steam.
The hornet zombie hits you.
You die...
Xom guffaws!

##### #
##...###.#
###.....§#.##
##.......§§..###
##.....§S§......#
#.......@§§......
#......ZZ§.......
#......D.........
#...............#
#................
#................
#................
##...............
#..............


You could see a steam dragon, an adder, a hornet zombie and a centaur warrior
zombie.

Vanquished Creatures
  A troll (D:5)
  A polar bear (D:5)
  A water moccasin (D:6)
  An ice beast (D:6)
  A phantom (D:6)
  A scorpion (D:4)
  A water moccasin zombie (D:6)
  A centaur zombie (D:6)
  A hound (D:5)
  A jelly (D:5)
  An orc priest (D:5)
  Crazy Yiuf (D:3)
  A bullfrog skeleton (D:3)
  3 iguanas
  An orc wizard (D:3)
  4 gnolls (D:4)
  8 adders
  An adder skeleton (D:4)
  A worm (D:2)
  A dart slug (D:4)
  8 orcs
  6 ball pythons
  13 endoplasms
  4 giant cockroaches
  6 goblins
  4 hobgoblins
  2 jackals (D:3)
  3 kobolds
  4 quokkas
  9 bats
  4 frilled lizards
  5 rats
100 creatures vanquished.

Vanquished Creatures (collateral kills)
  A water moccasin (D:6)
  An ogre (D:5)
  An adder (D:6)
3 creatures vanquished.

Vanquished Creatures (others)
  An orc (D:3)
1 creature vanquished.

Grand Total: 104 creatures vanquished

Notes
Turn   | Place    | Note
-------+----------+-------------------------------------------
     0 | D:1      | Defined the Gnoll Wanderer began the quest for the Orb.
     0 | D:1      | Defined set off with the following items: a +2 mace, a wand
                  | of flame (4), 28 stones, a +0 robe; and the following spell
                  | memorised: Sandblast; and the following spells available to
                  | memorise: Stone Arrow
     0 | D:1      | Reached XP level 1. HP: 13/13 MP: 4/4
    27 | D:1      | Found a faded altar of an unknown god.
    85 | D:1      | Prayed at the altar of an unknown god.
    85 | D:1      | Became a worshipper of Xom the Psychotic
   136 | D:1      | Reached XP level 2. HP: 18/19 MP: 1/5
   587 | D:1      | XOM: divination: detect items
   601 | D:1      | Reached XP level 3. HP: 21/25 MP: 7/7
   624 | D:1      | HP: 1/25 [poisoned by an adder]
   656 | D:1      | XOM: divination: detect creatures
   754 | D:1      | XOM: divination: detect creatures
   944 | D:2      | XOM: butterfly on damage
   981 | D:2      | XOM: silly message
  1023 | D:2      | XOM: 1-stop teleportation journey
  1215 | D:2      | Reached skill level 1 in Fighting
  1215 | D:2      | Reached skill level 1 in Short Blades
  1215 | D:2      | Reached skill level 1 in Long Blades
  1215 | D:2      | Reached skill level 1 in Axes
  1215 | D:2      | Reached skill level 1 in Polearms
  1215 | D:2      | Reached skill level 1 in Staves
  1215 | D:2      | Reached skill level 1 in Slings
  1215 | D:2      | Reached skill level 1 in Bows
  1215 | D:2      | Reached skill level 1 in Crossbows
  1215 | D:2      | Reached skill level 1 in Armour
  1215 | D:2      | Reached skill level 1 in Dodging
  1215 | D:2      | Reached skill level 1 in Stealth
  1215 | D:2      | Reached skill level 1 in Shields
  1215 | D:2      | Reached skill level 1 in Unarmed Combat
  1223 | D:2      | XOM: cast spell 'Leda's Liquefaction'
  1228 | D:2      | Reached XP level 4. HP: 25/32 MP: 8/8
  1424 | D:2      | XOM: 3-stop teleportation journey
  1731 | D:2      | XOM: cloud trail
  1746 | D:2      | Paralysed by you for 6 turns
  1823 | D:3      | You fall into a shaft and drop 3 floors!
  1856 | D:6      | XOM: divination: magic mapping
  1871 | D:6      | HP: 1/32 [water moccasin zombie (3)]
  1873 | D:6      | Reached skill level 1 in Conjurations
  1873 | D:6      | Reached skill level 1 in Hexes
  1873 | D:6      | Reached skill level 1 in Summonings
  1873 | D:6      | Reached skill level 1 in Necromancy
  1873 | D:6      | Reached skill level 1 in Translocations
  1873 | D:6      | Reached skill level 1 in Transmutations
  1873 | D:6      | Reached skill level 1 in Fire Magic
  1873 | D:6      | Reached skill level 1 in Ice Magic
  1873 | D:6      | Reached skill level 1 in Air Magic
  1873 | D:6      | Reached skill level 1 in Poison Magic
  1873 | D:6      | Reached XP level 5. HP: 1/37 MP: 7/9
  1953 | D:6      | Noticed an ice beast
  2083 | D:6      | Noticed a phantom
  2089 | D:5      | Entered Level 5 of the Dungeon
  2107 | D:5      | XOM: cloud trail
  2175 | D:5      | Noticed an ogre
  2193 | D:5      | XOM: potion effect (might)
  2196 | D:5      | Found a staircase to the Ecumenical Temple.
  2217 | D:5      | XOM: noise
  2220 | D:5      | Noticed an ogre
  2220 | D:5      | XOM: confuse monster(s)
  2316 | D:4      | XOM: confuse monster(s)
  2480 | D:3      | XOM: scenery: 3 doors open
  2751 | D:3      | XOM: give mutation
  2751 | D:3      | Gained mutation: Your spells are a little harder to cast,
                  | but a little more powerful. [Xom's grace]
  2752 | D:3      | Lost mutation: Your spells are a little harder to cast, but
                  | a little more powerful. [potion of mutation]
  2752 | D:3      | Gained mutation: Your system is resistant to poisons.
                  | (rPois) [potion of mutation]
  2752 | D:3      | Gained mutation: You are dopey. (Int -2) [potion of
                  | mutation]
  2752 | D:3      | Gained mutation: Your body sometimes deteriorates upon
                  | taking damage. [potion of mutation]
  3044 | D:3      | Reached XP level 6. HP: 28/44 MP: 6/10
  3400 | D:3      | Found a runed translucent door.
  3401 | D:3      | Noticed Crazy Yiuf
  3410 | D:3      | Killed Crazy Yiuf
  3768 | D:4      | Reached skill level 5 in Evocations
  3859 | D:4      | XOM: noise
  3919 | D:4      | XOM: summons friendly crimson imp
  4033 | D:4      | XOM: summons 4 hostile demons
  4038 | D:4      | XOM: enchant monster (bad)
  4092 | D:4      | XOM: scenery: 3 doors open, 1 doors close
  4151 | D:4      | XOM: noise
  4275 | D:4      | Reached XP level 7. HP: 48/50 MP: 12/12
  4594 | D:5      | Reached skill level 7 in Maces & Flails
  4706 | D:5      | XOM: cast spell 'Summon Hydra'
  4733 | D:5      | XOM: chaos upgrade
  4737 | D:5      | Noticed a golden eye
  4737 | D:5      | an ogre changed into a golden eye
  4737 | D:5      | XOM: polymorph ogre -> golden eye
  4742 | D:5      | XOM: blink monster(s)
  4744 | D:5      | Noticed a polar bear
  4744 | D:5      | a golden eye changed into a polar bear
  4744 | D:5      | XOM: polymorph golden eye -> polar bear
  4747 | D:5      | XOM: stat loss: -1 Int (9/10)
  4749 | D:5      | XOM: scenery: summon butterflies
  4750 | D:5      | XOM: potion effect (heal wounds)
  4752 | D:5      | XOM: enchant monster (good)
  4781 | D:5      | XOM: potion effect (brilliance)
  4783 | D:5      | Killed a polar bear
  4811 | Temple   | Entered the Ecumenical Temple
  5000 | Temple   | XOM: 7-stop teleportation journey
  5129 | D:5      | XOM: noise
  5133 | D:5      | Reached XP level 8. HP: 52/57 MP: 14/14
  5271 | D:5      | XOM: noise
  5372 | D:5      | XOM: divination: detect items
  5388 | D:5      | XOM: silly message
  5461 | D:5      | Noticed a troll
  5461 | D:5      | XOM: silly message
  5480 | D:5      | XOM: confuse monster(s)
  5487 | D:5      | XOM: potion effect (curing)
  5496 | D:5      | XOM: enchant monster (good)
  5500 | D:5      | XOM: confuse monster(s)
  5515 | D:5      | Killed a troll
  5633 | D:5      | XOM: 5-stop teleportation journey
  6108 | D:6      | XOM: smoke on damage
  6110 | D:6      | XOM: summons friendly iron imp
  6749 | D:6      | Noticed Sigmund
  6796 | D:7      | Slain by a hornet zombie

Illustrated notes

Levels and vault maps discovered:
D:1:      sevenhm_arrival_forest_fort_small_6, layout_rooms,
          chequers_ecumenical_altar_simple_redux
D:2:      layout_rooms, kennysheep_generic_room_8
D:3:      layout_basic, uniq_crazy_yiuf_cottage
D:4:      layout_gridville, dk_noncrumbling_3
D:5:      layout_layer_cave, minmay_temple_entry_grid
D:6:      layout_basic, uniq_sigmund
D:7:      layout_cave_pods, uniq_maggie
Temple:   mainiacjoe_temple_cubbyholes

Skill      XL: |  1  2  3  4  5  6  7  8 |
---------------+-------------------------+-----
Fighting       | 1 2 3 |  3.6
Short Blades   | 1 2 3 |  3.6
Long Blades    | 1 2 3 |  3.6
Axes           | 1 2 3 |  3.6
Polearms       | 1 2 3 |  3.6
Staves         | 1 2 3 |  3.6
Slings         | 1 2 3 |  3.6
Bows           | 1 2 3 |  3.6
Crossbows      | 1 2 3 |  3.6
Armour         | 1 2 3 |  3.6
Dodging        | 1 2 3 |  3.6
Stealth        | 1 2 3 |  3.6
Shields        | 1 2 3 |  3.6
Unarmed Combat | 1 2 3 |  3.6
Spellcasting   | 3 4 |  4.6
Conjurations   | 1 2 |  2.9
Hexes          | 1 2 |  2.9
Summonings     | 1 2 |  2.9
Necromancy     | 1 2 |  2.9
Translocations | 1 2 |  2.9
Transmutations | 1 2 |  2.9
Fire Magic     | 1 2 |  2.9
Ice Magic      | 1 2 |  2.9
Air Magic      | 1 2 |  2.9
Poison Magic   | 1 2 |  2.9
Invocations    | 3 4 |  4.8
Throwing       | 3 4 |  4.5
Earth Magic    | 4 |  4.8
Evocations     | 5 |  5.9
Maces & Flails | 7 |  7.5

Action                   |  1- 3 |  4- 6 |  7- 9 || total
-------------------------+-------+-------+-------++-------
Melee: Mace              |    45 |    44 |       ||    89
       Bite              |       |    16 |    12 ||    28
       Short sword       |       |    60 |    26 ||    86
       Quarterstaff      |       |    54 |    68 ||   122
Throw: Javelin           |    11 |     9 |       ||    20
       Dart              |       |    19 |    31 ||    50
 Cast: Sandblast         |    28 |    12 |     2 ||    42
  Use: Potion            |       |     3 |     4 ||     7
       Scroll            |       |     4 |       ||     4
 Stab: Sleeping          |     2 |     2 |     1 ||     5
       Invisible         |       |     1 |       ||     1
       Petrifying        |       |     1 |       ||     1
       Petrified         |       |       |     2 ||     2
Armor: Robe              |     6 |       |       ||     6
       Leather armour    |    19 |    59 |    51 ||   129
Dodge: Dodged            |    60 |   103 |    96 ||   259

Table legend: (Time is in decaauts)
 A = Elapsed time spent in this place.
 B = Non-inter-level travel time spent in this place.
 C = Inter-level travel time spent in this place.
 D = Time resting spent in this place.
 E = Time spent auto-exploring this place.
 F = Levels seen in this place.
 G = Mean time per level.
                   A        B        C        D        E       F      G
               +--------+--------+--------+--------+--------+-----+--------+
         Total |   6829 |   6743 |     86 |    610 |   3998 |   8 |  853.6 |
       Dungeon |   6519 |   6433 |     86 |    610 |   3730 |   7 |  931.3 |
        Temple |    310 |    310 |      0 |      0 |    268 |   1 |  310.0 |
               +--------+--------+--------+--------+--------+-----+--------+

Top non-repeatable levels by time:
     D:3: 1449 daAuts
     D:5: 1367 daAuts
     D:6: 991 daAuts
     D:4: 927 daAuts
     D:1: 922 daAuts
     D:2: 845 daAuts
  Temple: 310 daAuts
     D:7: 15 daAuts
